 Dungeon Crawl Stone Soup version 0.21.1-1-g345015fe64 (webtiles) character file.

830 Khress the Geomancer (level 7, -1/50 HPs)
             Began as a Deep Dwarf Earth Elementalist on Feb 20, 2018.
             Was a Priest of Hepliaklqana.
             Killed by divine providence
             ... invoked by an orc priest
              (8 damage)
             ... on level 6 of the Dungeon.
             The game lasted 00:22:36 (4571 turns).

Khress the Geomancer (DDEE)                         Turns: 4571, Time: 00:22:36

Health: -1/50      AC:  4    Str: 12    XL:     7   Next: 65%
Magic:  14/14      EV: 19    Int: 17    God:    Hepliaklqana [***...]
Gold:   226        SH:  3    Dex: 13    Spells: 14/15 levels left

rFire    . . .     SeeInvis .   a - +0 spear
rCold    . . .     Gourm    .   p - +0 buckler
rNeg     . . .     Faith    .   c - +0 robe
rPois    .         Spirit   .   (no helmet)
rElec    .         Reflect  .   n - +0 cloak
rCorr    .         Harm     .   i - +0 pair of gloves
MR       +....                  (no boots)
Stlth    ++........             (no amulet)
HPRegen  0.00/turn              E - +4 ring of evasion
MPRegen  0.14/turn              C - +3 ring of evasion

@: non-regenerating
A: damage resistance, heal wounds, reduced essence, sense surroundings 1, no
regeneration
a: Heal Wounds, Recall Ancestor, Ancestor Identity, Transference, Renounce
Religion


You were on level 6 of the Dungeon.
You worshipped Hepliaklqana.
Hepliaklqana was most pleased with you.
You were not hungry.

You visited 1 branch of the dungeon, and saw 6 of its levels.

You collected 226 gold pieces.

Inventory:

Hand Weapons
 a - a +0 spear (weapon)
 b - a cursed -2 dagger
 g - a +0 dagger
 r - a +0 trident
 B - a +4 falchion
Missiles
 h - 39 arrows
Armour
 c - a +0 robe (worn)
 i - a +0 pair of gloves (worn)
 n - a +0 cloak (worn)
 p - a +0 buckler (worn)
 F - a +0 large shield
Jewellery
 k - a +2 ring of protection
 C - a +3 ring of evasion (right hand)
 D - a +3 ring of intelligence
 E - a +4 ring of evasion (left hand)
Wands
 v - a wand of iceblast (13)
 x - a wand of random effects (27)
Scrolls
 f - 2 scrolls of amnesia
 j - 4 scrolls of remove curse
 m - 4 scrolls of enchant armour {unknown}
 o - 4 scrolls of fog {unknown}
 s - a scroll of magic mapping {unknown}
 w - 3 scrolls of random uselessness {unknown}
 y - a scroll of blinking {unknown}
 z - a scroll of enchant weapon {unknown}
Potions
 l - 2 potions of flight
 t - 2 potions of brilliance
 u - 3 potions of curing
Books
 e - a book of Geomancy

   Spells                             Type                      Level
   a - Sandblast                      Earth                        1
   b - Passwall                       Transmutation/Earth          2
   c - Stone Arrow                    Conjuration/Earth            3
   d - Petrify                        Transmutation/Earth          4
   e - Lee's Rapid Deconstruction     Earth                        5
Comestibles
 d - 7 rations


   Skills:
 + Level 0.5 Fighting
 + Level 0.8 Short Blades
 + Level 1.1 Polearms
 + Level 0.4 Throwing
 + Level 3.2 Dodging
 + Level 2.8 Stealth
 + Level 4.8 Spellcasting
   Level 0.8 Transmutations
 + Level 8.4 Earth Magic


You had 14 spell levels left.
You knew the following spells:

 Your Spells              Type           Power        Failure   Level  Hunger
a - Sandblast             Erth           ####..       1%          1    None


Dungeon Overview and Level Annotations

Branches:
Dungeon (6/15)             Temple (0/1) D:4

Altars:
Hepliaklqana
Okawaru
Xom


Innate Abilities, Weirdness & Mutations

You are resistant to damage.
You can heal yourself by infusing magical energy.
You passively map a small area around you.
You do not regenerate.
Your life essence is reduced to manifest your ancestor. (-10% HP)


Message History

Items here: ) [ †† a dagger; a scale mail; an orc corpse; an iguana corpse An orc priest comes into view.
It is wielding a trident.
The orc wizard shouts!
The orc priest shouts!
An orc comes into view. It is wielding a mace.
The orc wizard casts a spell.
The orc wizard blinks!
You see here a scale mail.
You swap places.
The orc wizard closely misses you.
The orc priest looks satisfied for a moment.
You barely miss the orc wizard. The orc wizard misses you.
You hit the orc wizard but do no damage.
The orc wizard hits you but does no damage.
The orc hits Lufti with a mace.
Lufti hits the orc but does no damage.
You hit the orc wizard but do no damage.
The orc wizard hits you but does no damage.
The orc priest mumbles some strange prayers to Beogh against you.
Beogh smites you!
You die...

# * * #.# #. , #.# .# , *
#.# , .#*#,* ##.## ##*.#.
* #...## ##.##.# ###....##
#
,*###...#.#####.......####
,,
.......o.<...†....[....+
###...#@#####.......####
#.....R# ###.>..## #
#.###oo# #...## #, #..#
###.# * *, #..# ###.# ...#
#...# *.#.## #.### # #.#.
#.# # #,#. #.# #


You could see the friendly Lufti the battlemage, an orc priest, an orc wizard
and an orc.

Vanquished Creatures
  A sky beast (D:5)
  A crimson imp (D:5)
  A bullfrog zombie (D:5)
  A centaur skeleton (D:5)
  An orc priest (D:4)
  A hound (D:5)
  A bullfrog skeleton (D:5)
  An orc wizard (D:4)
  Ijyb (D:3)
  An iguana (D:4)
  5 adders
  A shadow imp (D:5)
  An ooze (D:2)
  2 worms (D:2)
  3 dart slugs
  5 leopard geckos
  6 orcs
  5 bats
  6 giant cockroaches
  8 goblins
  5 hobgoblins
  5 jackals
  5 kobolds
  4 quokkas
  2 ball pythons
  4 frilled lizards
  6 rats
  A butterfly (D:4)
84 creatures vanquished.

Vanquished Creatures (collateral kills)
  A phantom (D:6)
  2 scorpions
  A howler monkey (D:4)
  A jelly (D:6)
  An iguana (D:6)
  An orc wizard (D:5)
  An adder (D:4)
  7 orcs
  A jackal (D:4)
  A butterfly (D:4)
17 creatures vanquished.

Vanquished Creatures (others)
  A battlemage (D:4)
1 creature vanquished.

Grand Total: 102 creatures vanquished

Notes
Turn   | Place    | Note
-------+----------+-------------------------------------------
     0 | D:1      | Khress the Deep Dwarf Earth Elementalist began the quest for the Orb.
     0 | D:1      | Reached XP level 1. HP: 15/15 MP: 3/3
   217 | D:1      | Reached XP level 2. HP: 20/22 MP: 2/4
   745 | D:2      | Reached skill level 5 in Earth Magic
   745 | D:2      | Reached XP level 3. HP: 21/28 MP: 4/6
  1027 | D:2      | Found an iron altar of Okawaru.
  1318 | D:2      | Found a faded altar of an unknown god.
  1324 | D:2      | Became a worshipper of Hepliaklqana the Forgotten
  1324 | D:2      | Reached * piety under Hepliaklqana
  1499 | D:3      | Found a shimmering altar of Xom.
  1500 | D:3      | Noticed Ijyb
  1518 | D:3      | Killed Ijyb
  1518 | D:3      | Reached XP level 4. HP: 24/32 MP: 2/8
  1990 | D:4      | Reached XP level 5. HP: 17/37 MP: 9/9
  2151 | D:4      | Reached ** piety under Hepliaklqana
  2153 | D:4      | Remembered your ancestor Lufti as a battlemage
  2408 | D:4      | Found a staircase to the Ecumenical Temple.
  2413 | D:4      | Reached skill level 6 in Earth Magic
  2621 | D:4      | Reached XP level 6. HP: 21/45 MP: 7/11
  2835 | D:5      | Entered Level 5 of the Dungeon
  2928 | D:5      | Noticed a sky beast
  2937 | D:5      | Killed a sky beast
  2937 | D:5      | Reached skill level 7 in Earth Magic
  2972 | D:5      | Reached *** piety under Hepliaklqana
  3030 | D:5      | Reached XP level 7. HP: 23/50 MP: 10/13
  4284 | D:5      | Reached skill level 8 in Earth Magic
  4553 | D:6      | Reached skill level 1 in Polearms
  4571 | D:6      | Killed from afar by an orc priest

Skill      XL: |  1  2  3  4  5  6  7 |
---------------+----------------------+-----
Spellcasting   | 2 3 4 |  4.8
Earth Magic    | 5 6 7 8 |  8.4
Dodging        | 3 |  3.2
Polearms       | 1 |  1.1
Fighting       | |  0.5
Short Blades   | |  0.8
Throwing       | |  0.4
Stealth        | |  2.8
Transmutations | |  0.8

Action                   |  1- 3 |  4- 6 |  7- 9 || total
-------------------------+-------+-------+-------++-------
Melee: Dagger            |    36 |       |       ||    36
       Spear             |     4 |    17 |    35 ||    56
Throw: Stone             |     1 |    11 |       ||    12
 Cast: Sandblast         |    53 |    58 |     9 ||   120
Invok: Ancestor Life: Ba |       |     1 |       ||     1
       Ancestor Identity |       |     1 |       ||     1
  Use: Scroll            |     3 |     1 |       ||     4
       Potion            |       |       |     5 ||     5
 Stab: Sleeping          |       |       |     1 ||     1
  Eat: Ration            |     1 |     1 |     1 ||     3
       Chunk             |       |       |     2 ||     2
Armor: Robe              |    10 |     3 |     7 ||    20
Dodge: Dodged            |    38 |    14 |    28 ||    80
Block: Buckler           |       |     4 |     2 ||     6
